[Event "Early-Titled-Tuesday-Blitz-July-09-2024"]
[Site "Chess.com"]
[Date "2024.07.09"]
[Round "4"]
[White "Oleksandr_Bortnyk"]
[Black "MarcoRiehle"]
[Result "1-0"]
[WhiteElo "3081"]
[BlackElo "2850"]
[TimeControl "180+1"]
[EndTime "8:40:22 PDT"]
[Termination "Oleksandr_Bortnyk won by checkmate"]

1. d4 d5 2. Nc3 Bf5 3. Bf4 e6 4. e3 Bd6 5. Nf3 c5 6. Bxd6 Qxd6 7. Nb5 Qe7 8. dxc5 Qxc5 9. Qd4 Qxd4 10. Nfxd4 Kd7 11. Nxf5 exf5 12. O-O-O Ne7 13. c4 Rc8 14. Kb1 Ke6 15. cxd5+ Nxd5 16. Nd4+ Kf6 17. Nxf5 Nc3+ 18. bxc3 Kxf5 19. g4+ Ke6 20. g5 Ke7 21. Kb2 Nc6 22. Bh3 Rd8 23. Kc2 Ne5 24. Bg2 Rxd1 25. Rxd1 Rb8 26.
Rd5 f6 27. h4 b6 28. f4 Nc4 29.
Kd3 Rc8 30. Bh3 Rc7 31. Rd4 Nb2+ 32. Kd2 Nc4+ 33. Ke2 Nd6 34. Kd3 a5 35. Bg4 b5 36.
e4 Nc4 37. Rd5 Nb2+ 38. Kd2 Nc4+ 39. Ke2 b4 40. cxb4 axb4 41. Rb5 Nd6 42. Rxb4 Rc2+ 43. Kd3 Rxa2 44. e5 fxe5 45. fxe5 Ne8 46. Rb7+ Kf8 47. Be6 Rf2 48. Ke3 Rf1 49. h5 Re1+ 50. Kf2 Rxe5 51. Rf7+ Kg8 52. Rf6+ Rxe6 53. Rxe6 Kf7 54.
Rc6 g6 55. h6 Kg8 56. Ke3 Kf7 57. Kd4 Ke7 58. Ke5 Kd7 59. Rc1 Ke7 60. Ra1 Kf7 61. Ra7+ Kg8 62. Ke6 Kf8 63. Ra8 Kg8 64. Rxe8# 1-0

[Event "Early-Titled-Tuesday-Blitz-July-09-2024"]
[Site "Chess.com"]
[Date "2024.07.09"]
[Round "4"]
[White "JaloliddinIlkhomi"]
[Black "NajdorfPlayerc5"]
[Result "1-0"]
[WhiteElo "2713"]
[BlackElo "2423"]
[TimeControl "180+1"]
[EndTime "8:40:22 PDT"]
[Termination "JaloliddinIlkhomi won on time"]

1. Nf3 Nf6 2. d4 e6 3. Bf4 c5 4.
e3 cxd4 5. exd4 b6 6. c3 Be7 7. Nbd2 d6 8. Bd3 O-O 9. Qe2 Bb7 10. h3 Nbd7 11. a4 Nd5 12. Bg3 a6 13. Nc4 N7f6 14. O-O Nh5 15. Qe4 g6 16. Bh2 Qc7 17. Qe2 Nhf4 18. Qd2 Nxd3 19. Qxd3 Nf6 20. Ncd2 Qc6 21. Rfe1 b5 22. Nb3 Qb6 23. a5 Qc6 24. Nbd2 Rfc8 25. Rac1 Qc7 26. Ng5 Qxa5 27. Qe3 Bd5 28.
b3 h6 29. Ngf3 Qd8 30. c4 bxc4 31. bxc4 Bb7 32. Qxh6 Bf8 33. Qe3 a5 34. Ng5 Qd7 35. Nde4 Nxe4 36. Nxe4 Be7 37. c5 Bxe4 38. Qxe4 d5 39. Qd3 Qc6 40. Ra1 a4 41. Reb1 Ra7 42. Rb6 Qd7 43. Qb5 Qxb5 44. Rxb5 Rc6 45. Bb8 Ra8 46.
Be5 a3 47. g4 a2 48. Rb7 Bd8 49. Rxa2 1-0

[Event "Early-Titled-Tuesday-Blitz-July-09-2024"]
[Site "Chess.com"]
[Date "2024.07.09"]
[Round "4"]
[White "VladimirKramnik"]
[Black "Flawless_Fighter"]
[Result "1-0"]
[WhiteElo "3001"]
[BlackElo "2796"]
[TimeControl "180+1"]
[EndTime "8:40:23 PDT"]
[Termination "VladimirKramnik won by resignation"]

1. d4 Nf6 2. Nf3 d5 3. e3 e6 4. Bd3 b6 5. O-O Bb7 6. Nbd2 Nbd7 7. Qe2 Be7 8. e4 dxe4 9. Nxe4 Nxe4 10. Bxe4 Bxe4 11.
Qxe4 O-O 12. Qc6 Rc8 13. Be3 Nf6 14. c4 Qd7 15. Ne5 Qd6 16. Rad1 Rfd8 17. f4 Nd7 18. Qf3 c6 19. a3 b5 20. cxb5 cxb5 21. d5 Bf6 22. Nc6 Re8 23. Nxa7 Rb8 24. Nc6 Rbc8 25. b4 exd5 26. Na7 Rb8 27. Rxd5 Qe6 28. Bf2 Nf8 29. Nxb5 Qa6 30. Nc7 Qc6 31. Nxe8 Rxe8 32. b5 Qc4 33. b6 Ne6 34. Re1 Rc8 35. b7 Rb8 36. Rdd1 Qa6 37.
Rb1 h6 38. g3 Bd4 39. Bxd4 Nxd4 40. Qe4 Ne6 41. h4 Nc5 42. Qe8+ Rxe8 43. Rxe8+ Kh7 44.
b8=Q Qd3 45. Rh8+ Kg6 46. Qb6+ f6 47. Qxc5 Qxg3+ 48. Kf1 Qd3+ 49. Kf2 Qd2+ 50. Kf3 Qd3+ 51. Qe3 Qxb1 52. Qe4+ f5 53. Qxb1 Kh5 54. Qxf5+ 1-0

[Event "Early-Titled-Tuesday-Blitz-July-09-2024"]
[Site "Chess.com"]
[Date "2024.07.09"]
[Round "4"]
[White "sergoy"]
[Black "CSB7"]
[Result "1-0"]
[WhiteElo "2940"]
[BlackElo "2780"]
[TimeControl "180+1"]
[EndTime "8:40:24 PDT"]
[Termination "sergoy won by resignation"]

1. d4 Nf6 2. c4 e6 3. Nf3 d5 4.
Nc3 dxc4 5. e4 Bb4 6. Bxc4 Nxe4 7. O-O Nxc3 8. bxc3 Bd6 9. Ng5 h6 10. Qh5 O-O 11. Ne4 Nd7 12. Bxh6 gxh6 13. Qxh6 Re8 14. Rae1 Bf8 15. Qh5 Nf6 16. Nxf6+ Qxf6 17. Re3 Bg7 18. Bd3 Qh6 19. Qc5 e5 20. Qxc7 Be6 21. dxe5 Rac8 22. Qxb7 Rxc3 23. Qb4 Rcc8 24. Rfe1 Red8 25. Qe4 Qg6 26.
Qxg6 fxg6 27. Bxg6 Rd2 28. Rd3 Rxd3 29. Bxd3 Bxa2 30.
f4 Rc3 31. Bg6 a5 32. f5 a4 33. e6 Bd4+ 34. Kh1 Bf6 35. h4 Bd5 36. Kh2 a3 37.
e7 Bxe7 38. Rxe7 a2 39. f6 Rc8 40. Re1 Ra8 41. Ra1 Kf8 42. g4 Ra6 43. g5 Rb6 44. Kg3 Rb2 45. h5 Rb3+ 46. Kf4 Rh3 47. h6 Rh1 48. h7 Rh4+ 49. Ke5 Bb3 50. Bf5 Rh2 51. g6 1-0

[Event "Early-Titled-Tuesday-Blitz-July-09-2024"]
[Site "Chess.com"]
[Date "2024.07.09"]
[Round "4"]
[White "annasargsyan_m"]
[Black "VirtualCoach"]
[Result "1-0"]
[WhiteElo "2651"]
[BlackElo "2323"]
[TimeControl "180+1"]
[EndTime "8:40:24 PDT"]
[Termination "annasargsyan_m won by resignation"]

1. d4 Nf6 2. c4 e6 3. Nf3 d5 4. Nc3 c6 5. Bg5 Be7 6. e3 O-O 7. Qc2 Nbd7 8. O-O-O dxc4 9. Bxc4 b5 10. Bd3 h6 11.
Bxf6 Nxf6 12. g4 Nd5 13. Nxd5 exd5 14. Ne5 Bd7 15. Kb1 Rc8 16. Bf5 Bxf5 17. Qxf5 Qd6 18. h4 Bf6 19. Nd3 g6 20. Qf3 Bg7 21. h5 g5 22. Rc1 Rfe8 23. Rc2 Rc7 24. Rhc1 Rec8 25.
a3 a5 26. Qf5 b4 27. axb4 axb4 28. Rc5 b3 29. R1c3 Rb8 30. Kc1 Rb6 31. Kd2 Qd8 32. Nc1 Qa8 33. Rxb3 Rxb3 34. Nxb3 Qb7 35. Qc2 Bf8 36. Rc3 Bb4 37. Nc5 Qb5 38. Qf5 Bxc3+ 39. Kxc3 Qa5+ 40. Kc2 Qb5 41. Qe5 Rc8 42. Nd7 Qe2+ 43.
Kc3 Qc4+ 44. Kd2 Qb4+ 45. Ke2 Qxb2+ 46. Kf3 Qb1 47. Nf6+ Kf8 48. Kg2 Qc2 49. Kg3 Ra8 50.
Nd7+ Kg8 51. Qf6 Qe4 52. Qxh6 Qe6 53. Nf6+ Qxf6 54. Qxf6 Ra2 55. h6 1-0

[Event "Early-Titled-Tuesday-Blitz-July-09-2024"]
[Site "Chess.com"]
[Date "2024.07.09"]
[Round "4"]
[White "burbur555"]
[Black "Kotofeyca"]
[Result "1/2-1/2"]
[WhiteElo "2732"]
[BlackElo "2514"]
[TimeControl "180+1"]
[EndTime "8:40:25 PDT"]
[Termination "Game drawn by repetition"]

1. Nf3 d5 2. c4 c6 3. e3 Nf6 4.
Nc3 a6 5. b3 Bg4 6. Bb2 Nbd7 7.
d4 e6 8. Be2 Bd6 9. h3 Bh5 10.
O-O Qe7 11. Ne5 Bxe2 12. Nxe2 Ba3 13. Bxa3 Qxa3 14. Nxd7 Nxd7 15. Qc2 O-O 16. Nc3 b5 17. c5 e5 18. Rab1 Qb4 19. Ne2 e4 20. f3 exf3 21. gxf3 Rfe8 22. Kf2 Nf6 23. Rg1 Ra7 24. Nc1 Rae7 25.
Nd3 Qa5 26. Ne5 Qc7 27. Rbe1 Nd7 28. Ng4 g6 29. Rg2 Kg7 30. Nh2 Kh8 31. h4 h5 32. Nf1 Nf6 33. Kg1 Qd7 34. Qf2 Qh3 35.
a3 Kg7 36. Rg3 Qf5 37. Rg5 Qe6 38. Ng3 Kh6 39. Nf1 Nh7 40. Rg3 Qf6 41. Rg2 Nf8 42.
Qg3 Ne6 43. Rd1 Ng7 44. Qg5+ Qxg5 45. hxg5+ Kh7 46. Kf2 Nf5 47. Rd3 Kg7 48. Rh2 Re6 49. f4 Ne7 50. Nd2 Nf5 51. Rh3 a5 52. Rf3 Kf8 53.
Rh3 Kg7 54. Ke2 Kf8 55. Kf2 Kg7 1/2-1/2

[Event "Early-Titled-Tuesday-Blitz-July-09-2024"]
[Site "Chess.com"]
[Date "2024.07.09"]
[Round "4"]
[White "le-castor-faineant"]
[Black "DawidCzerw"]
[Result "1-0"]
[WhiteElo "2313"]
[BlackElo "2487"]
[TimeControl "180+1"]
[EndTime "8:40:26 PDT"]
[Termination "le-castor-faineant won by resignation"]

1. e4 c5 2. Nf3 g6 3. Bc4 Nc6 4. O-O Bg7 5. c3 e6 6. d4 cxd4 7. cxd4 d5 8. exd5 exd5 9. Bb5 Ne7 10. h3 O-O 11. Nc3 Be6 12. Bg5 h6 13. Be3 Nf5 14. Qd2 Na5 15. Bd3 Kh7 16. b3 Rc8 17. Rac1 Nc6 18.
Ne2 Nh4 19. Nxh4 Qxh4 20. Bb5 Ne7 21. Rxc8 Rxc8 22. Rc1 Rxc1+ 23. Qxc1 Nf5 24. Qd2 Nd6 25. Bd3 Bf5 26. Bxf5 Nxf5 27. Nf4 Qd8 28. Qd3 Qd7 29.
a4 a6 30. Qc2 Qd6 31. Qc5 Qxc5 32. dxc5 d4 33. Bd2 Ne7 34. b4 g5 35. Nd3 Kg6 36.
b5 axb5 37. axb5 Kf5 38. f3 Ke6 39. Nb4 Nd5 40. c6 bxc6 41. Nxc6 Nb6 42. Kf1 Kd5 43. Nd8 f5 44. Ke2 Kc4 45. Ne6 d3+ 46.
Kd1 Kxb5 47. Nxg7 f4 48. Nf5 Nc4 49. Nxh6 Ne3+ 50. Bxe3 fxe3 51. Nf5 e2+ 52. Kd2 Kc4 53. Ng3 Kd4 54. Nxe2+ dxe2 55. Kxe2 Ke5 56. Kf2 Kf4 57.
g3+ Kf5 58. Ke3 Kg6 59. f4 Kf5 60. fxg5 Kxg5 61. Ke4 1-0

[Event "Early-Titled-Tuesday-Blitz-July-09-2024"]
[Site "Chess.com"]
[Date "2024.07.09"]
[Round "4"]
[White "GoltsevDmitry2000"]
[Black "FormerProdigy"]
[Result "1/2-1/2"]
[WhiteElo "2739"]
[BlackElo "2977"]
[TimeControl "180+1"]
[EndTime "8:40:27 PDT"]
[Termination "Game drawn - insufficient material"]

1. e4 c6 2. e5 d5 3. exd6 exd6 4.
d4 Nf6 5. Nf3 Bg4 6. c4 d5 7.
Nc3 Bb4 8. Bd3 dxc4 9. Bxc4 O-O 10. O-O Bxf3 11. Qxf3 Qxd4 12. Bb3 Nbd7 13. Bg5 Qg4 14. Qxg4 Nxg4 15. Rad1 Nc5 16. Bc2 Rfe8 17. Rd4 Bxc3 18. bxc3 Ne5 19. Rfd1 Ne6 20. Rb4 Nxg5 21. f4 Ngf3+ 22.
Kf2 Ng4+ 23. Kxf3 h5 24. Re4 Nxh2+ 25. Kg3 Rxe4 26. Bxe4 Ng4 27. Rd7 Nf6 28. Rd4 Re8 29. Bf3 g6 30. Rb4 Re7 31. a4 Nd5 32. Bxd5 cxd5 33. Rb5 Re3+ 34. Kh4 Rxc3 35. Rxb7 Rc4 36. Rxa7 Rxf4+ 37. Kg5 Rg4+ 38. Kf6 Rxg2 39. Ra8+ Kh7 40.
Kxf7 h4 41. Rb8 Rf2+ 42. Ke6 h3 43. Rb1 d4 44. Rh1 h2 45. Ke5 g5 46. a5 g4 47. a6 g3 48. a7 Ra2 49. Kf4 Rxa7 50.
Kxg3 Kg6 51. Rxh2 Kf5 52. Re2 d3 53. Re1 Rd7 54. Kf3 d2 55. Rd1 Rd4 56. Ke3 Ke5 57. Rxd2 Rxd2 58. Kxd2 1/2-1/2

[Event "Early-Titled-Tuesday-Blitz-July-09-2024"]
[Site "Chess.com"]
[Date "2024.07.09"]
[Round "4"]
[White "Bilan_Danila"]
[Black "Radislav_Atanasov"]
[Result "1-0"]
[WhiteElo "2592"]
[BlackElo "2368"]
[TimeControl "180+1"]
[EndTime "8:40:27 PDT"]
[Termination "Bilan_Danila won by resignation"]

1. d4 Nf6 2. Nf3 c5 3. e3 e6 4. Bd3 d5 5. c3 Nc6 6. Nbd2 Bd6 7. O-O O-O 8. dxc5 Bxc5 9. e4 dxe4 10. Nxe4 Nxe4 11. Bxe4 f5 12. Bc2 Qf6 13. Qe2 Bd6 14. Bg5 Qg6 15. Rad1 Bc7 16. Bh4 e5 17. Bg3 Re8 18.
Nh4 Qf6 19. f4 e4 20. Nf3 Be6 21. Ng5 Bxa2 22. Ra1 Bd5 23. Rfd1 Rad8 24. Rxd5 Rxd5 25. Bb3 Rd8 26. Rd1 Ne7 27. Bxd5+ Nxd5 28. Qc4 Bb6+ 29. Bf2 Qc6 30. Qxc6 bxc6 31. c4 Bxf2+ 32. Kxf2 e3+ 33. Ke1 Rb8 34. cxd5 cxd5 35. Rb1 h6 36. Nf3 Rb4 37. Ke2 Rxf4 38. Kxe3 Re4+ 39. Kd3 d4 40.
Ra1 Re7 41. Nxd4 Rb7 42. Kc3 g6 43. b4 Kf7 44. b5 Kf6 45. Kb4 g5 46. Nc6 f4 47. Rxa7 Rb6 48. Kc5 1-0

[Event "Early-Titled-Tuesday-Blitz-July-09-2024"]
[Site "Chess.com"]
[Date "2024.07.09"]
[Round "4"]
[White "Arysya"]
[Black "HansOnTwitch"]
[Result "1-0"]
[WhiteElo "2887"]
[BlackElo "3123"]
[TimeControl "180+1"]
[EndTime "8:40:30 PDT"]
[Termination "Arysya won on time"]

1. e4 c5 2. Nf3 d6 3. Bb5+ Nd7 4. a4 Nf6 5. Nc3 a6 6. Be2 e6 7. a5 b5 8. axb6 Qxb6 9. O-O Bb7 10. d3 Be7 11. Nd2 d5 12. Kh1 O-O 13. f4 Bc6 14. Bf3 Qb7 15. Nb3 Bd8 16. e5 Ne8 17. Na5 Bxa5 18. Rxa5 Nc7 19. Qe1 Nb5 20. Nxb5 axb5 21. Rxa8 Qxa8 22. f5 d4 23. Qg3 Bxf3 24. gxf3 exf5 25.
Bh6 g6 26. e6 fxe6 27. Bxf8 Nxf8 28. Qe5 Qc6 29. Qb8 Kg7 30. Kg2 Nd7 31. Qe8 Qd6 32. Qd8 Qd5 33. Ra1 Qb7 34. Qe7+ Kh6 35. Kf2 c4 36. h4 cxd3 37. h5 Qc7 38. Rg1 Qxc2+ 39. Kg3 Qc7+ 40. Kh3 Qf4 41. Rg3 d2 42. hxg6 Qxg3+ 43. Kxg3 hxg6 44. Qh4+ Kg7 45. Qe7+ Kh6 46. Qh4+ Kg7 47.
Qxd4+ Nf6 48. Qxd2 Nd5 49. Qe2 b4 50. Qxe6 1-0

[Event "Early-Titled-Tuesday-Blitz-July-09-2024"]
[Site "Chess.com"]
[Date "2024.07.09"]
[Round "4"]
[White "PLAYER_2006_M"]
[Black "Ginger_GM"]
[Result "1-0"]
[WhiteElo "2943"]
[BlackElo "2601"]
[TimeControl "180+1"]
[EndTime "8:40:32 PDT"]
[Termination "PLAYER_2006_M won on time"]

1. e4 c5 2. Nf3 d6 3. d4 cxd4 4. Nxd4 Nf6 5. Nc3 g6 6. Bb5+ Bd7 7. a4 Bg7 8. O-O O-O 9. f3 Nc6 10. Be3 a6 11. Bxc6 bxc6 12. Qd2 Rb8 13. b3 Re8 14. Rad1 Qc7 15. Kh1 a5 16. Bh6 Bh8 17. Rfe1 Rb4 18. Nce2 c5 19. Nf5 Bxf5 20. exf5 c4 21. Nf4 cxb3 22.
cxb3 Rxb3 23. Rc1 Qb6 24. Nd5 Nxd5 25. Qxd5 Bf6 26. Rc6 Qf2 27. Rg1 Rb2 28. Rc4 Rb4 29. Qc6 Rbb8 30. Qd5 Qa2 31. Rd1 Rb1 32. Rxb1 Qxb1+ 33. Rc1 Qxf5 34. Qc6 Rd8 35. Qc7 Ra8 36. Qb7 Re8 37. Qc6 Rd8 38. g4 Qd3 39. Qb7 Bd4 40. Qd5 e6 41. Qc6 d5 42. Qc2 Qxf3+ 43.
Qg2 Qxg2+ 44. Kxg2 Bb6 45. Bg5 Re8 46. Bf6 Bd8 47. Rc8 Kf8 48. Rxd8 Rxd8 49. Bxd8 Ke8 50. Bxa5 Kd7 51. Bc3 Kc6 52. g5 Kc5 53. a5 d4 54. Bxd4+ 1-0

[Event "Early-Titled-Tuesday-Blitz-July-09-2024"]
[Site "Chess.com"]
[Date "2024.07.09"]
[Round "4"]
[White "waltereador"]
[Black "Hudijegszid"]
[Result "0-1"]
[WhiteElo "2317"]
[BlackElo "2515"]
[TimeControl "180+1"]
[EndTime "8:40:32 PDT"]
[Termination "Hudijegszid won by checkmate"]

1. e4 c6 2. d4 d5 3. Nc3 dxe4 4. Bc4 Nf6 5. f3 Qb6 6. fxe4 e5 7. Nf3 exd4 8. Qxd4 Bc5 9. Qe5+ Kf8 10. Rf1 Nbd7 11.
Qf4 Qb4 12. e5 Nd5 13. Bxd5 cxd5 14. Qxb4 Bxb4 15. Bd2 Nb6 16. a3 Be7 17. O-O-O Be6 18. Nd4 Ke8 19. Nf5 Bf8 20. Be3 Nc4 21. Bd4 a6 22.
Ne3 Rd8 23. Nxc4 dxc4 24. Bb6 Rxd1+ 25. Rxd1 Be7 26. Nd5 f6 27. exf6 gxf6 28. Nf4 Kf7 29. Nxe6 Kxe6 30. Re1+ Kf7 31. g3 h5 32. Bf2 Bd6 33.
Re4 b5 34. c3 Re8 35. Rxe8 Kxe8 36. Kd2 Kd7 37. Ke2 Ke6 38. Kf3 Kf5 39. Be3 Bc7 40. h3 Bd6 41. Bd4 Bc7 42. Bc5 Ke6 43. g4 hxg4+ 44. hxg4 f5 45. g5 Kf7 46. Be3 Kg6 47.
Bf4 Bxf4 48. Kxf4 a5 49. a4 bxa4 50. Ke5 Kxg5 51. Kd4 f4 52. Kxc4 f3 53. Kd3 Kf4 54. Kd2 Kg3 55. Ke1 Kg2 56. Kd2 f2 57. b3 f1=Q 58.
bxa4 Qc4 59. Kc2 Kf3 60. Kb2 Ke3 61. Ka3 Kd2 62. Kb2 Qxc3+ 63. Ka2 Qb4 64. Ka1 Kc2 65. Ka2 Qxa4# 0-1

[Event "Early-Titled-Tuesday-Blitz-July-09-2024"]
[Site "Chess.com"]
[Date "2024.07.09"]
[Round "4"]
[White "jbking07"]
[Black "yonaltimur"]
[Result "1/2-1/2"]
[WhiteElo "2474"]
[BlackElo "2251"]
[TimeControl "180+1"]
[EndTime "8:40:32 PDT"]
[Termination "Game drawn by repetition"]

1. e4 c5 2. Nf3 d6 3. Bb5+ Bd7 4.
Bxd7+ Qxd7 5. c4 Nc6 6. Nc3 g6 7. d4 cxd4 8. Nxd4 Bg7 9. Be3 Rc8 10. O-O Nf6 11. h3 O-O 12. Rc1 Nxd4 13. Qxd4 Ng4 14.
Qd3 Nxe3 15. fxe3 Bxc3 16. Rxc3 Rc5 17. b4 Re5 18. c5 Qe6 19. cxd6 exd6 20. Rd1 Rxe4 21.
Qxd6 Qxa2 22. Rc7 Rxe3 23. Rxb7 Re2 24. Qd5 Re1+ 25. Kh2 Qxd5 26. Rxd5 Ra1 27. Rdd7 a6 28. Ra7 Ra4 29. Rdb7 Kg7 30. Rb6 h5 31. Raxa6 Rxa6 32. Rxa6 Rb8 33. Ra4 h4 34. b5 Rxb5 35. Rxh4 Rb6 36.
Rc4 Rb5 37. h4 Rb6 38. Kh3 f5 39. g3 Rb3 40. Ra4 Kh6 41. Ra6 Kg7 42. Kg2 Kh6 43. Re6 Kg7 44. Kf2 Kh6 45. Rd6 Rb2+ 46. Ke3 Rb3+ 47.
Kf4 Rb4+ 48. Ke3 Rg4 49. Kf3 Rb4 50. Re6 Rb3+ 51. Re3 Rxe3+ 52. Kxe3 g5 53. hxg5+ Kxg5 54. Kf3 Kg6 55. Ke3 Kf6 56. Kf4 Kg6 57. Ke5 Kg5 58. Ke6 Kg4 59. Ke5 Kg5 60. Ke6 Kg6 61. Ke5 Kg5 1/2-1/2

[Event "Early-Titled-Tuesday-Blitz-July-09-2024"]
[Site "Chess.com"]
[Date "2024.07.09"]
[Round "4"]
[White "profedechess93"]
[Black "SpeedofLight0"]
[Result "0-1"]
[WhiteElo "2628"]
[BlackElo "3159"]
[TimeControl "180+1"]
[EndTime "8:40:33 PDT"]
[Termination "SpeedofLight0 won on time"]

1. e4 c6 2. d4 d5 3. Nc3 dxe4 4. Nxe4 Bf5 5. Ng3 Bg6 6. h4 h6 7. h5 Bh7 8. Nf3 Nd7 9. Bd3 Bxd3 10. Qxd3 e6 11.
Bd2 Ngf6 12. O-O-O Be7 13. Qe2 a5 14. Rhe1 O-O 15.
Ne5 a4 16. a3 Qb6 17. Ng6 Rfe8 18. Nxe7+ Rxe7 19. Nf5 Ree8 20. Nd6 Rf8 21. g4 Qxd4 22.
Bxh6 Qxg4 23. f3 Qxh5 24. Bxg7 Kxg7 25. Rg1+ Kh7 26. Rh1 Ra5 27. Qd3+ Kg7 28. Rxh5 Rxh5 29. Rg1+ Kh8 30. Nxb7 Rg8 31. Rxg8+ Kxg8 32. Nd6 Rd5 33. Qc4 Rxd6 34. Qxa4 Rd5 35. Qa8+ Kg7 36. Qxc6 Ne5 37. Qb7 Nxf3 38. a4 Nd4 39. b4 Ne4 40. a5 Nc3 41.
a6 Ndb5 42. Kb2 Rd1 43. Qg2+ Kf6 44. Qf3+ Ke7 45. Qb7+ Kd6 46. Qb6+ Kd5 47. Qc5+ Ke4 48. Qc4+ Ke3 49. Qc5+ Kf3 50. Kb3 Ra1 51. Qc6+ Kg3 52.
Qd7 Rxa6 53. Qxf7 Ra3+ 54. Kc4 Nd6+ 0-1

[Event "Early-Titled-Tuesday-Blitz-July-09-2024"]
[Site "Chess.com"]
[Date "2024.07.09"]
[Round "4"]
[White "Chessdude1987"]
[Black "gafkens"]
[Result "1/2-1/2"]
[WhiteElo "2334"]
[BlackElo "2644"]
[TimeControl "180+1"]
[EndTime "8:40:33 PDT"]
[Termination "Game drawn by repetition"]

1. e4 g6 2. d4 Bg7 3. Nc3 d6 4. Nf3 Nd7 5. Be3 c6 6. a4 e5 7. dxe5 dxe5 8. Nd2 Ngf6 9. Nc4 O-O 10. Be2 Qe7 11.
Qd6 Re8 12. Qxe7 Rxe7 13. Nd6 Ne8 14. Nxc8 Rxc8 15. Bxa7 b6 16. a5 Ra8 17. axb6 Nxb6 18. Ra6 Rexa7 19. Rxb6 Ra1+ 20. Nd1 Rc8 21. O-O Nd6 22.
Ne3 Rxf1+ 23. Kxf1 Nxe4 24. Rb7 Nc5 25. Ra7 f5 26.
Bc4+ Kh8 27. b4 Ne4 28. Ke2 Nd6 29. Be6 Rb8 30. Rd7 Ne4 31. Rc7 Bh6 32. Rxc6 Bxe3 33. fxe3 Rxb4 34. Bb3 Rb7 35. Rc8+ Kg7 36. Bd5 Rd7 37.
Bxe4 fxe4 38. Re8 Kf6 39. Rf8+ Ke6 40. Re8+ Kd5 41. Rc8 Rb7 42. h4 Rb1 43. Rc7 Rg1 44.
Kf2 Rc1 45. Rxh7 Rxc2+ 46. Kg3 Re2 47. Rg7 Rxe3+ 48. Kf2 Ra3 49. Rxg6 e3+ 50. Ke2 Kd4 51.
Rd6+ Ke4 52. h5 Ra2+ 53. Ke1 Rxg2 54. h6 Rh2 55. Ra6 Kf4 56. Rf6+ Ke4 57. Ra6 Rh1+ 58. Ke2 Rh2+ 59. Ke1 1/2-1/2

[Event "Early-Titled-Tuesday-Blitz-July-09-2024"]
[Site "Chess.com"]
[Date "2024.07.09"]
[Round "4"]
[White "lildoggo2007"]
[Black "albi1999"]
[Result "1/2-1/2"]
[WhiteElo "2417"]
[BlackElo "2641"]
[TimeControl "180+1"]
[EndTime "8:40:33 PDT"]
[Termination "Game drawn by repetition"]

1. e4 c5 2. Nc3 a6 3. Nge2 b5 4. g3 Bb7 5. Bg2 Nf6 6. d3 e6 7.
O-O d5 8. e5 Nfd7 9. f4 Nc6 10.
a4 b4 11. Nb1 Be7 12. Be3 f5 13. c3 O-O 14. Nd2 a5 15. Rc1 Rc8 16. cxb4 Nxb4 17. Nf3 d4 18. Bf2 Ba6 19. Ne1 Nb6 20. Qb3 Qd7 21.
h3 c4 22. dxc4 Nxc4 23. Qd1 Nxb2 24. Qxd4 Qxd4 25. Bxd4 Bxe2 26. Rxc8 Rxc8 27. Rf2 Rc1 28. Rxe2 N2d3 29. Bf2 Nxf2 30. Kxf2 Bc5+ 31. Kf1 Kf8 32. Bf3 Ke7 33. Kg2 h6 34. g4 g6 35. h4 fxg4 36.
Bxg4 Rc4 37. Kg3 Rc3+ 38. Bf3 Nc6 39. Rc2 Rxc2 40. Nxc2 Nb8 41. h5 gxh5 42. Bxh5 Nd7 43. Be2 Nb6 44. Bb5 Kf7 45. Ne1 Kg6 46. Nf3 Kf5 47.
Nh4+ Ke4 48. Ng6 Ke3 49. Kg4 Bb4 50. f5 exf5+ 51. Kxf5 Kd4 52. e6 Nd5 53. Bc6 Ne7+ 54. Nxe7 Bxe7 55. Kg6 Kc5 56. Bb5 Kd6 57. Bd7 Bf8 58.
Kf7 Be7 59. Kg6 Bf8 60. Kh5 Ke7 61. Kg6 Kd6 1/2-1/2

[Event "Early-Titled-Tuesday-Blitz-July-09-2024"]
[Site "Chess.com"]
[Date "2024.07.09"]
[Round "4"]
[White "anderson2361"]
[Black "WPWPWP-2015"]
[Result "1-0"]
[WhiteElo "2117"]
[BlackElo "2530"]
[TimeControl "180+1"]
[EndTime "8:40:33 PDT"]
[Termination "anderson2361 won by checkmate"]

1. c4 c5 2. Nf3 d6 3. Nc3 Nf6 4. d4 cxd4 5. Nxd4 g6 6. g3 Bg7 7. Bg2 O-O 8. O-O Qb6 9. Nb3 Nc6 10. e4 Ne5 11. Qe2 a6 12. Bf4 Be6 13. c5 Qc7 14. cxd6 exd6 15. Rfd1 Rad8 16. Rac1 Qb8 17. h3 Rfe8 18. Nd4 Bc4 19. Qe3 Nh5 20. b3 Be6 21. Nxe6 fxe6 22. Bg5 Rc8 23. g4 Nf6 24. Bf4 Rc6 25.
Bg3 Rec8 26. f4 Nf7 27. e5 dxe5 28. Bxc6 Rxc6 29. fxe5 Ne8 30. Re1 Qc7 31. Na4 Bh6 32. Bf4 Bf8 33. Rxc6 Qxc6 34. Qe4 Qd7 35. Nb6 Qc7 36.
Nc4 Bc5+ 37. Kh1 Qe7 38. Bg3 Ng5 39. Qg2 b5 40. Nb2 Nf7 41. Nd3 Bb6 42. Rc1 Qd7 43. Qe2 Kf8 44. Qf3 Kg7 45. h4 Nc7 46. Rc6 Nd5 47. Rc2 Bd8 48. Nc5 Qe8 49. Rd2 h6 50.
Rxd5 exd5 51. e6 Nh8 52. Be5+ Kg8 53. Qxd5 Qe7 54. Kg2 Qxh4 55. e7+ Kh7 56. exd8=Q Qxg4+ 57. Kf2 Qh4+ 58. Bg3 Qxd8 59. Qxd8 Nf7 60. Qe7 Kg7 61. Ne6+ Kg8 62. Qf8+ Kh7 63. Qg7# 1-0

[Event "Early-Titled-Tuesday-Blitz-July-09-2024"]
[Site "Chess.com"]
[Date "2024.07.09"]
[Round "4"]
[White "marvinguevara"]
[Black "neistoviupryam"]
[Result "0-1"]
[WhiteElo "2038"]
[BlackElo "2330"]
[TimeControl "180+1"]
[EndTime "8:40:33 PDT"]
[Termination "neistoviupryam won on time"]

1. e4 e5 2. Nf3 Nc6 3. Bc4 Nf6 4. d3 Bc5 5. c3 d6 6. Nbd2 Ng4 7. O-O Bb6 8. a4 a5 9. h3 Nf6 10. Re1 h6 11. Nf1 g5 12. d4 g4 13. hxg4 Bxg4 14.
N1h2 Bh5 15. Qb3 Qe7 16. dxe5 Nxe5 17. Qb5+ Ned7 18. Nd4 Bxd4 19. cxd4 Ng4 20. Nxg4 Bxg4 21. Qxb7 Rb8 22. Qa7 Rg8 23. Bb5 Rd8 24. Qxc7 Bh3 25.
g3 h5 26. e5 d5 27. Bf4 h4 28. e6 fxe6 29. Bd6 Qf7 30. Bxd7+ Qxd7 31. Qxd7+ Kxd7 32. Bf4 Rc8 33. Rac1 hxg3 34. fxg3 Bf5 35. Kf2 Bc2 36.
Re2 Bxa4 37. Ra1 Bb5 38. Rd2 a4 39.
Ra3 Rc4 40. Ra1 Rgc8 41. Re2 Rxd4 42. Rd2 Rxd2+ 43. Bxd2 Rc2 44. Ke3 e5 45. Bc3 d4+ 46. Bxd4 exd4+ 47. Kxd4 Rxb2 48. Ke4 Kc6 49. Kf4 Kc5 50. g4 Kb4 51. g5 Bd3 52. Rd1 Bc2 53. Re1 a3 54. Re8 a2 55. Rb8+ Kc3 56. Rc8+ Kd2 57. Rd8+ Kc1 58. Ra8 Kb1 59. g6 Bxg6 60. Kg5 Bc2 0-1

[Event "Early-Titled-Tuesday-Blitz-July-09-2024"]
[Site "Chess.com"]
[Date "2024.07.09"]
[Round "4"]
[White "JueIes"]
[Black "jumpingknight20"]
[Result "0-1"]
[WhiteElo "2554"]
[BlackElo "2783"]
[TimeControl "180+1"]
[EndTime "8:40:34 PDT"]
[Termination "jumpingknight20 won by resignation"]

1. b3 Nf6 2. Nf3 g6 3. Bb2 Bg7 4. e3 O-O 5. Be2 b6 6. O-O Bb7 7. d4 d6 8. c4 Nbd7 9. Nc3 Re8 10. Qd2 e5 11. dxe5 dxe5 12. Rfd1 e4 13. Nd4 Ne5 14.
Qc2 Qc8 15. h3 a6 16. b4 h5 17. Nb3 Nf3+ 18. Kh1 Ng5 19. Bf1 Ngh7 20. Nd5 g5 21. Nxf6+ Nxf6 22. c5 Qf5 23. Nd4 Qg6 24. g3 Kh7 25.
Bg2 Nd5 26. a3 Rad8 27. Rac1 f5 28. Ne2 f4 29. c6 Bc8 30. Rxd5 Rxd5 31. gxf4 Bf5 32.
Bxg7 Qxg7 33. fxg5 Qe5 34. Nf4 Rd6 35. Rg1 Red8 36.
g6+ Kh6 37. g7 Rg8 38. Qe2 Bh7 39. h4 Rxg7 40. f3 exf3 41. Bxf3 Rxg1+ 42. Kxg1 Bg6 43. Qg2 Bf7 44. Kf2 Rd2+ 45. Be2 Qg7 46. Qf3 Qg4 47.
Qe4 Qxh4+ 48. Kf1 Rd6 49. Qe5 Qf6 50. Qe4 Qa1+ 51. Kf2 Qg7 52. Qe5 Qxe5 0-1

[Event "Early-Titled-Tuesday-Blitz-July-09-2024"]
[Site "Chess.com"]
[Date "2024.07.09"]
[Round "4"]
[White "BeanScreen"]
[Black "gmpeter008"]
[Result "1/2-1/2"]
[WhiteElo "2676"]
[BlackElo "2456"]
[TimeControl "180+1"]
[EndTime "8:40:35 PDT"]
[Termination "Game drawn by repetition"]

1. e4 e5 2. Nf3 Nc6 3. Bc4 Nf6 4. d3 Bc5 5. c3 O-O 6. O-O d6 7. Re1 a5 8. Bb5 Ne7 9. d4 Bb6 10. Bg5 Ng6 11. dxe5 Nxe5 12. Nxe5 dxe5 13. Qxd8 Rxd8 14.
Bxf6 gxf6 15. Na3 Rd2 16. Re2 Rxe2 17. Bxe2 Be6 18. Rd1 Bxa2 19. Nc4 a4 20. Nxb6 cxb6 21. Rd6 a3 22. Rxb6 Bb1 23. bxa3 Bxe4 24. Bf3 Bxf3 25. gxf3 Rxa3 26. Rxb7 Rxc3 27. Kg2 Kg7 28. Rb4 Rc8 29.
Rb6 Kg6 30. Kg3 Kf5 31. f4 exf4+ 32. Kg2 Rc3 33. h3 h5 34. Rb5+ Kg6 35. Rb4 Kg5 36. Rb5+ f5 37. Rb7 Kh4 38. Rb4 Kg5 39. Rb7 Kg6 40. Rb6+ f6 41. Rb8 Kg5 42. Rg8+ Kh4 43. Rg6 f3+ 44. Kh2 Rc2 45. Rxf6 Rxf2+ 46. Kg1 Rg2+ 47. Kh1 Rg3 48. Rxf5 Rxh3+ 49. Kg1 Kg4 50. Rf8 Rg3+ 51. Kf2 Rg2+ 52. Kf1 Re2 53. Rg8+ Kh3 54. Rf8 Kg3 55. Rg8+ Kf4 56. Rf8+ Ke3 57. Re8+ Kd3 58. Rd8+ Ke3 59. Re8+ Kd2 60. Rd8+ Ke3 61. Re8+ 1/2-1/2